 Dungeon Crawl Stone Soup version 0.19-a0-559-ga3d69d0 (webtiles) character file.

103 epen the Firebug (level 4, -2/25 HPs)
             Began as a Tengu Fire Elementalist on June 8, 2016.
             Hit by a stone thrown by a gnoll (6 damage)
             ... on level 3 of the Dungeon.
             The game lasted 00:04:46 (2172 turns).

epen the Firebug (Tengu Fire Elementalist)          Turns: 2172, Time: 00:04:46

Health: -2/25      AC:  4    Str:  9    XL:     4   Next: 79%
Magic:  0/9        EV: 13    Int: 16    God:
Gold:   194        SH:  0    Dex: 14    Spells: 3 memorised, 2 levels left

rFire  . . .     SeeInvis .     n - +2 short sword (drain)
rCold  . . .     Gourm    .     a - +0 robe
rNeg   . . .     Faith    .     (no shield)
rPois  .         Spirit   .     (helmet restricted)
rElec  .         Dismiss  .     h - +1 cloak
rCorr  .         Reflect  .     (no gloves)
SustAt .         Harm     .     (boots unavailable)
MR     .....                    (no amulet)
Stlth  ++........               (no ring)
                                (no ring)

@: very slightly contaminated, not resistant to hostile enchantments, unstealthy
A: beak, talons 3
a: no special abilities


You were on level 3 of the Dungeon.
You were hungry.

You visited 1 branch of the dungeon, and saw 3 of its levels.

You collected 194 gold pieces.

Inventory:

Hand Weapons
 n - a +2 short sword of draining (weapon)
Armour
 a - a +0 robe (worn)
 h - a +1 cloak (worn)
Scrolls
 e - 2 scrolls of amnesia {unknown}
 f - a scroll of remove curse {unknown}
 i - 2 scrolls of teleportation {unknown}
 j - a scroll of random uselessness {unknown}
 k - 2 scrolls of identify {unknown}
Potions
 g - 2 potions of lignification {unknown}
 l - a potion of brilliance {unknown}
Books
 b - a book of Flames

   Spells                             Type                      Level
   a - Flame Tongue                   Conjuration/Fire             1
   b - Throw Flame                    Conjuration/Fire             2
   c - Conjure Flame                  Conjuration/Fire             3
   d - Inner Flame                    Hexes/Fire                   3
   e - Sticky Flame                   Conjuration/Fire             4
   f - Fireball                       Conjuration/Fire             5
Comestibles
 c - 2 bread rations
 m - a royal jelly


   Skills:
 + Level 1.0 Fighting
 + Level 3.1 Dodging
 - Level 2.0 Stealth
 * Level 2.7 Spellcasting
 + Level 3.1 Conjurations
 * Level 3.8 Fire Magic


You had 2 spell levels left.
You knew the following spells:

 Your Spells              Type           Power        Failure   Level  Hunger
a - Flame Tongue          Conj/Fire      ##...        6%          1    #......
b - Throw Flame           Conj/Fire      ##....       10%         2    ##.....
c - Conjure Flame         Conj/Fire      ##......     14%         3    ###....


Dungeon Overview and Level Annotations

Branches:
Dungeon (3/15)

Altars:
Elyvilon
Makhleb
Zin


Innate Abilities, Weirdness & Mutations

You have a beak for a mouth.
You have claws for feet.


Message History

You are very lightly contaminated with residual magic.
Heat runs through your body.
You are feeling hungry.
Casting: Conjure Flame
Confirm with . or Enter, or press ? or * to list all spells.
You don't have enough magic to cast that spell.
You see here a long sword.
Casting: Conjure Flame
Confirm with . or Enter, or press ? or * to list all spells.
Aiming: Conjure Flame
Press: ? - help, Dir - move target cursor The fire roars!
The gnoll shouts!
The gnoll throws a stone.
The stone hits you.
* * * LOW HITPOINT WARNING * * *
You see here a stone.
The gnoll throws a stone.
The stone closely misses you.
The gnoll throws a stone.
The stone barely misses you.
The gnoll throws a stone.
The stone hits you.
You die...

....########.......# #.#
...###.......#########.#
...# #..###### #g.#
...###'+### #§## ...#≈≈..≈≈#
#.# ...#≈....≈##### ##.#
...'..##..'...######(.#####
...'..##..'.#....##.........
...#≈....≈######@......g....
>..#≈≈..≈≈# ####.........
##.###''### ##..#######
#.##...# ##..## #.###..#
##..## #.. ##.## #...# #..#
#..#.# ##.######.##.#
#........##(#


You could see a gnoll.

Vanquished Creatures
  A gnoll (D:3)
  3 adders
  An ooze (D:3)
  3 worms
  A dart slug (D:1)
  4 giant geckos
  2 orcs (D:3)
  4 giant cockroaches
  2 goblins
  4 hobgoblins
  3 jackals
  6 kobolds
  6 bats
  2 giant newts (D:1)
  6 rats
48 creatures vanquished.

Notes
Turn   | Place    | Note
--------------------------------------------------------------
     0 | D:1      | epen the Tengu Fire Elementalist began the quest for the Orb.
     0 | D:1      | Reached XP level 1. HP: 10/10 MP: 4/4
   132 | D:1      | Reached XP level 2. HP: 16/16 MP: 4/6
   136 | D:1      | Learned a level 2 spell: Throw Flame
   640 | D:2      | Reached XP level 3. HP: 20/20 MP: 7/7
   645 | D:2      | Learned a level 3 spell: Conjure Flame
  1280 | D:2      | Found a glowing silver altar of Zin.
  1280 | D:2      | Found a burning altar of Makhleb.
  1281 | D:2      | Found a white marble altar of Elyvilon.
  1493 | D:3      | Reached XP level 4. HP: 22/24 MP: 8/8
  2102 | D:3      | Reached skill level 1 in Fighting
  2172 | D:3      | Hit by a stone thrown by a gnoll

Vault maps used:
D:1:      saegor_arrival_simple_c, hangedman_decor_opposing
D:2:      gammafunk_temple_overflow_claw
D:3:      st_stairs_6, kennysheep_generic_room_15

Skill      XL: |  1  2  3  4 |
---------------+-------------+-----
Conjurations   | 2 3 |  3.1
Fighting       | 1 |  1.0
Dodging        | 3 |  3.1
Stealth        | |  2.0
Spellcasting   | |  2.7
Fire Magic     | |  3.8

Action                   |  1- 3 |  4- 6 || total
-------------------------+-------+-------++-------
Melee: Unarmed           |     5 |       ||     5
       Peck              |     9 |     3 ||    12
       Short sword       |    58 |    19 ||    77
       Kick              |     7 |     6 ||    13
 Cast: Flame Tongue      |    29 |    15 ||    44
       Throw Flame       |     6 |       ||     6
       Conjure Flame     |       |     5 ||     5
 Stab: Sleeping          |     4 |     1 ||     5
  Eat: Chunk             |     3 |     2 ||     5
Armor: Robe              |    28 |     8 ||    36
Dodge: Dodged            |    72 |    22 ||    94
